 Dungeon Crawl Stone Soup version 0.24-a0-181-gd121a6d (console) character file.

Game seed: 16400700061414718911

639 Duffy the Insei (level 7, -4/44 HPs)
             Began as an Octopode Transmuter on Mar 14, 2019.
             Was an Initiate of Gozag.
             Slain by Grinder (5 damage)
             ... on level 4 of the Dungeon.
             The game lasted 00:04:35 (4578 turns).

Duffy the Insei (Octopode Transmuter)               Turns: 4578, Time: 00:04:36

Health: -4/44      AC:  1    Str: 10    XL:     7   Next: 51%
Magic:  13/13      EV: 14    Int: 17    God:    Gozag
Gold:   364        SH:  0    Dex: 12    Spells: 8/14 levels left

rFire    . . .     SeeInvis .     - Unarmed
rCold    . . .     Gourm    .   (no shield)
rNeg     . . .     Faith    .   (helmet restricted)
rPois    .         Spirit   .   (no amulet)
rElec    .         Reflect  .   g - ring of resist corrosion
rCorr    +         Harm     .   (no ring)
MR       .....                  (no ring)
Stlth    ++........             (no ring)
HPRegen  0.14/turn              (no ring)
MPRegen  0.13/turn              (no ring)
                                (no ring)
                                (no ring)

@: no status effects
A: almost no armour, stealthy swim, amphibious, 8 rings, constrict 8, camouflage
1, gelatinous body 1
a: Potion Petition, Call Merchant, Bribe Branch, Renounce Religion


You were on level 4 of the Dungeon.
You worshipped Gozag.
Gozag was aware of your devotion.
You were near starving.

You visited 1 branch of the dungeon, and saw 4 of its levels.

You collected 396 gold pieces.
You paid 32 gold pieces to Gozag.

Inventory:

Missiles
 a - 98 arrows
Armour
 o - a +0 shield
Jewellery
 b - an uncursed ring of fire
 g - a ring of resist corrosion (left tentacle)
Wands
 q - a wand of flame (14)
Scrolls
 e - 3 scrolls of remove curse
 f - 3 scrolls of immolation
 i - 2 scrolls of amnesia
 k - a scroll of magic mapping
 p - a scroll of enchant armour
Potions
 d - 2 potions of curing {unknown}
 h - 2 potions of cancellation {unknown}
 l - a potion of degeneration {unknown}
 m - a potion of heal wounds {unknown}
 n - 3 potions of flight {unknown}
Comestibles
 c - 6 rations


   Skills:
 - Level 1.9 Fighting
 - Level 3.0 Dodging
 - Level 5.2 Unarmed Combat
 + Level 4.4 Spellcasting
 - Level 3.4 Transmutations
 - Level 2.8 Poison Magic


You had 8 spell levels left.
You knew the following spells:

 Your Spells              Type           Power        Failure   Level  Hunger
h - Spider Form           Tmut/Pois      ##........   12%         3    ###....
j - Sticks to Snakes      Tmut           ###.....     5%          2    ##.....
k - Beastly Appendage     Tmut           ###...       3%          1    None

Your spell library contained the following spells:

 Spells                   Type           Power        Failure   Level  Hunger
 Ice Form                 Ice/Tmut       #.......     58%         4    ####...
 Blade Hands              Tmut           ###.......   71%         5    ######.


Dungeon Overview and Level Annotations

Branches:
Dungeon (4/15)
 Temple: D:4-7

Altars:
Gozag
The Shining One

Annotations:
D:4 Grinder


Innate Abilities, Weirdness & Mutations

You cannot wear most types of armour.
You are very stealthy in the water. (Stealth+)
You are amphibious.
You can wear up to eight rings at the same time.
You can use your tentacles to constrict eight enemies at once.
Your skin changes colour to match your surroundings (Stealth+).
Your rubbery body absorbs attacks. (AC +1, EV +1)


Message History

The puff of flame misses Grinder.
Evoke which item? (* to show all) (? for menu, Esc to quit)
Aiming: Throw Flame
Press: ? - help, Shift-Dir - straight line, f/p - Grinder
Aim: Grinder (almost dead)
The puff of flame hits Grinder.
Grinder is almost dead.
Evoke which item? (* to show all) (? for menu, Esc to quit)
Aiming: Throw Flame
Press: ? - help, Shift-Dir - straight line, f/p - Grinder
Aim: Grinder (almost dead)
The puff of flame misses Grinder.
Grinder says, "I used to sell toenails on the black market."
Grinder barely misses you.
Evoke which item? (* to show all) (? for menu, Esc to quit)
Aiming: Throw Flame
Press: ? - help, Shift-Dir - straight line, p - Grinder The puff of flame misses Grinder.
Grinder hits you!
You writhe in agony.
You die...
Your body crumbles into a pile of gold.

#. #.#.....# #.
#.#..##.......# #.
#............# # #.
######.#####.### #.
#.# #(... #. #.#
#..## #. #.#####..##
#.#########..........
#..@5....##.#####..##
########.............
####.#####..##
#...........#
#.##...###.##
#.####.# #.# #.# #.#
#.# #.# #.# #.#
#.####.###.#


You could see Grinder.

Vanquished Creatures
  A hippogriff (D:3)
  Duvessa (D:4)
  An ogre (D:4)
  Dowan (D:4)
  A scorpion (D:3)
  A hound (D:4)
  3 gnolls (D:3)
  4 adders
  A worm (D:2)
  5 leopard geckos
  10 orcs
  2 ball pythons
  5 bats
  2 giant cockroaches
  7 goblins
  2 hobgoblins (D:1)
  6 jackals (D:3)
  4 kobolds
  2 quokkas
  4 frilled lizards
  5 rats
68 creatures vanquished.

Vanquished Creatures (collateral kills)
  Crazy Yiuf (D:3)
1 creature vanquished.

Grand Total: 69 creatures vanquished

Notes
Turn   | Place    | Note
-------+----------+-------------------------------------------
     0 | D:1      | Duffy the Octopode Transmuter began the quest for the Orb.
     0 | D:1      | Reached XP level 1. HP: 13/13 MP: 3/3
   515 | D:1      | Reached XP level 2. HP: 17/18 MP: 5/5
   544 | D:1      | Learned a level 2 spell: Sticks to Snakes
  1033 | D:2      | Found a glowing golden altar of the Shining One.
  1181 | D:2      | Reached XP level 3. HP: 13/23 MP: 3/6
  1433 | D:2      | Learned a level 3 spell: Spider Form
  1892 | D:3      | Noticed a hippogriff
  1904 | D:3      | Killed a hippogriff
  1904 | D:3      | Reached skill level 4 in Unarmed Combat
  1904 | D:3      | Reached XP level 4. HP: 14/28 MP: 3/8
  1904 | D:3      | Reached XP level 5. HP: 16/33 MP: 3/9
  2080 | D:3      | Found an opulent altar of Gozag.
  2086 | D:3      | Became a worshipper of Gozag Ym Sagoz the Greedy
  2100 | D:3      | Reached XP level 6. HP: 38/38 MP: 5/11
  2559 | D:3      | Found a runed translucent door.
  2560 | D:3      | Noticed Crazy Yiuf
  2586 | D:3      | Killed Crazy Yiuf
  3952 | D:4      | Reached XP level 7. HP: 13/43 MP: 8/13
  4323 | D:4      | Noticed Duvessa
  4323 | D:4      | Noticed Dowan
  4343 | D:4      | Killed Duvessa
  4343 | D:4      | Reached skill level 5 in Unarmed Combat
  4345 | D:4      | Killed Dowan
  4540 | D:4      | Noticed Grinder
  4569 | D:4      | Paralysed by Grinder for 5 turns
  4578 | D:4      | HP: 1/44 [Grinder (8)]
  4578 | D:4      | Slain by Grinder

Levels and vault maps discovered:
D:1:      mrwooster_arrival_statue_2, layout_basic
D:2:      layout_rooms, tso_oasis_becter
D:3:      layout_loops_corners, first_ration, grunt_gozag_statues,
          uniq_crazy_yiuf_cottage
D:4:      layout_loops_ring, uniq_duvessa, uniq_eustachio, uniq_grinder

Skill      XL: |  1  2  3  4  5  6  7 |
---------------+----------------------+-----
Unarmed Combat | 4 5 |  5.2
Spellcasting   | 3 4 |  4.4
Transmutations | 3 |  3.4
Poison Magic   | 2 |  2.8
Dodging        | 3 |  3.0
Fighting       | |  1.9

Action                   |  1- 3 |  4- 6 |  7- 9 || total
-------------------------+-------+-------+-------++-------
Melee: Unarmed           |    51 |    86 |     9 ||   146
       Constrict         |    14 |    11 |     3 ||    28
       Tentacles         |     9 |     6 |     1 ||    16
       Kick              |     4 |       |       ||     4
       Punch             |       |     3 |     1 ||     4
 Cast: Beastly Appendage |     6 |     1 |       ||     7
       Spider Form       |     1 |     8 |       ||     9
       Sticks to Snakes  |       |     4 |       ||     4
Evoke: Wand              |       |       |    21 ||    21
  Use: Scroll            |       |     5 |       ||     5
 Stab: Sleeping          |     3 |     6 |       ||     9
  Eat: Chunk             |     3 |     1 |       ||     4
       Ration            |       |     2 |       ||     2
Armor: Skin              |     9 |     5 |       ||    14
Dodge: Dodged            |    31 |    41 |    11 ||    83

Table legend:
 A = Non-vault XP
 B = Vault XP
 C = Vault XP percentage of total XP
 D = Non-vault monster count
 E = Vault monster count
 F = Vault count percentage of total count
                 A         B        C        D         E       F
            +---------+---------+-------+---------+---------+-------
      Total |     667 |     247 |  27.0 |      66 |       3 |   4.3
            +---------+---------+-------+---------+---------+-------
        D:1 |      18 |       0 |   0.0 |      10 |       0 |   0.0
        D:2 |      35 |       0 |   0.0 |      13 |       0 |   0.0
        D:3 |     432 |      36 |   7.7 |      35 |       1 |   2.8
        D:4 |     182 |     211 |  53.7 |       8 |       2 |  20.0
            +---------+---------+-------+---------+---------+-------
